 Dungeon Crawl Stone Soup version 0.19.5 (webtiles) character file.

2984 PawaMonga the Carver (level 10, -4/77 HPs)
             Began as a Human Berserker on May 8, 2017.
             Was an Elder of Trog.
             Slain by a killer bee (6 damage)
             ... on level 8 of the Dungeon.
             The game lasted 01:20:12 (9854 turns).

PawaMonga the Carver (Human Berserker)              Turns: 9854, Time: 01:20:12

Health: -4/77      AC: 17    Str: 19    XL:     10   Next: 9%
Magic:  10/10      EV:  4    Int:  7    God:    Trog [****..]
Gold:   428        SH: 13    Dex: 15    Spells: 0 memorised, 9 levels left

rFire  + . .     SeeInvis .     R - +2 scimitar (elec)
rCold  . . .     Gourm    .     G - +1 plate armour
rNeg   . . .     Faith    +     l - +0 large shield
rPois  .         Spirit   .     v - +1 helmet
rElec  .         Reflect  .     J - +0 cloak
rCorr  .         Harm     .     (no gloves)
MR     +++..                    (no boots)
Stlth  ..........               r - amulet of faith
                                q - ring of protection from fire
                                w - ring of protection from magic

@: lethally poisoned (-4 -> -4), flying, regenerating
A: no striking features
a: Berserk, Trog's Hand, Brothers in Arms, Burn Spellbooks, Renounce Religion


You were on level 8 of the Dungeon.
You worshipped Trog.
Trog was greatly pleased with you.
You were full.

You visited 2 branches of the dungeon, and saw 9 of its levels.

You collected 428 gold pieces.

Inventory:

Hand Weapons
 a - a +0 falchion
 b - a +0 long sword
 h - a +2 whip of freezing
 p - a +0 halberd
 H - a +0 hunting sling
 K - a +1 whip of freezing
 L - a +0 shortbow
 R - a +2 scimitar of electrocution (weapon)
Missiles
 i - 107 arrows
 m - 2 javelins
 n - 76 sling bullets
 A - 34 bolts
 B - 23 poisoned needles
 C - 13 tomahawks (quivered)
 I - 214 stones
Armour
 d - a cursed +0 cloak
 l - a +0 large shield (worn)
 u - a +0 buckler
 v - a +1 helmet (worn)
 G - a +1 plate armour (worn)
 J - a +0 cloak (worn)
Magical Staves
 S - an uncursed staff of power {unknown}
Rods
 P - a +0 rod of ignition (12/12)
   (You found it on level 5 of the Dungeon)
Jewellery
 j - a cursed amulet of inaccuracy {unknown}
 k - an uncursed amulet of magic regeneration {unknown}
 o - an uncursed ring of poison resistance {unknown}
 q - a ring of protection from fire (right hand)
 r - an amulet of faith (around neck)
 w - a ring of protection from magic (left hand)
 x - a +3 ring of dexterity {unknown}
 O - a cursed amulet of inaccuracy {unknown}
 U - a +4 ring of slaying {unknown}
Wands
 Q - a wand of flame (12/48)
Scrolls
 c - a scroll of recharging
 g - 2 scrolls of noise
 t - 4 scrolls of teleportation
 y - 3 scrolls of immolation
 z - a scroll of identify
 D - 2 scrolls of remove curse
 E - 2 scrolls of blinking
 N - 2 scrolls of random uselessness
Potions
 e - 3 potions of agility {unknown}
 f - 2 potions of degeneration {unknown}
 F - 3 potions of flight
 T - a potion of lignification
Comestibles
 s - 2 bread rations


   Skills:
 * Level 6.6 Fighting
 + Level 8.1 Long Blades
 - Level 0.4 Throwing
 + Level 7.1 Armour
 * Level 5.6 Dodging
 + Level 2.8 Shields
 + Level 0.2 Evocations


You had 9 spell levels left.
You didn't know any spells.

Dungeon Overview and Level Annotations

Branches:
Dungeon (8/15)             Temple (1/1) D:7
   Lair: D:8-11

Altars:
Ashenzari
Cheibriados
Dithmenos
Elyvilon
Fedhas
Gozag
Hepliaklqana
Makhleb
Nemelex Xobeh
Qazlal
Ru
Sif Muna
Vehumet
Xom
Yredelemnul
The Shining One
Lugonu

Shops:
D:4 %

Annotations:
D:8 Erica, Psyche


Message History

The killer bee poisons you! You block the killer bee's attack.
You feel sick.
The killer bee stings you but does no damage.
You feel sick. The killer bee stings you.
* * * LOW HITPOINT WARNING * * *
As you read the scroll labeled HIGEVIVVA, it crumbles to dust.
The scroll dissolves into smoke.
It was a scroll of fog.
You feel sick.
The killer bee stings you but does no damage.
You block the killer bee's attack.
You feel sick.
The killer bee stings you but does no damage.
You feel sick. The killer bee barely misses you.
You feel sick. The killer bee stings you.
* * * LOW HITPOINT WARNING * * *
As you read the scroll labeled TUTUER CASO, it crumbles to dust.
It is a scroll of brand weapon.
Your +2 scimitar of holy wrath crackles with electricity.
R - a +2 scimitar of electrocution (weapon)
You feel sick. The killer bee stings you.
You die...

#.## #.##.# #.#
#.##.# ##.##
#.##.# #...#
#.##.. ###...###
#.##..
.###.......######
##.##..
................#
#..#...
####.......####§#
#.###.# ###...###
#@# #.# ### #...#
#y# ###.####.
##.## #y#
#........ #.# #§#
#.#.####. #####.#
#§# #.#.....#
#.(...# #§#
#####.#####..
#.#####
#y####............
####)#
#yy....###.#.#####
...).#
#.y........#.#


You could see 2 killer bees.

Vanquished Creatures
  Pikel (D:5)
  Grinder (D:6)
  A hungry ghost (D:8)
  A phantom (D:5)
  3 centaurs
  4 ogres
  The ghost of XMarksTheSpot the Poker, an amateur MfGl (D:3)
  A bullfrog (D:7)
  A scorpion (D:4)
  5 killer bees
  A howler monkey (D:8)
  2 crimson imps
  A bullfrog zombie (D:4)
  4 hounds
  A gnoll shaman (D:8)
  An orc priest (D:4)
  3 bullfrog skeletons
  A jelly (D:7)
  3 iguanas
  4 orc wizards
  7 worker ants
  A killer bee zombie (D:7)
  3 hound skeletons
  A worker ant zombie (D:4)
  9 adders
  9 gnolls
  A river rat (D:5)
  2 shadow imps
  An ooze (D:2)
  2 adder zombies
  2 worms
  2 dart slugs
  4 leopard geckos
  19 orcs
  6 bats
  7 giant cockroaches
  6 goblins
  6 hobgoblins
  10 jackals
  4 kobolds
  2 quokkas
  2 ball pythons
  7 frilled lizards
  A leopard gecko skeleton (D:4)
  A quokka skeleton (D:5)
  11 rats
  A withered plant (D:4)
167 creatures vanquished.

Vanquished Creatures (collateral kills)
  A quasit (D:6)
  An orc priest (D:6)
  An orc (D:6)
3 creatures vanquished.

Vanquished Creatures (others)
  A worker ant (D:5)
  A worker ant zombie (D:5)
2 creatures vanquished.

Grand Total: 172 creatures vanquished

Notes
Turn   | Place    | Note
-------+----------+-------------------------------------------
     0 | D:1      | PawaMonga the Human Berserker began the quest for the Orb.
     0 | D:1      | Reached XP level 1. HP: 18/18 MP: 1/1
   190 | D:1      | Reached XP level 2. HP: 22/24 MP: 2/2
   407 | D:1      | Reached XP level 3. HP: 22/29 MP: 3/3
   817 | D:2      | Reached ** piety under Trog
   983 | D:2      | Reached XP level 4. HP: 30/35 MP: 4/4
  1033 | D:2      | Reached skill level 4 in Long Blades
  1779 | D:3      | Reached XP level 5. HP: 41/41 MP: 5/5
  1928 | D:3      | Noticed XMarksTheSpot's ghost (amateur MfGl)
  1975 | D:3      | Killed XMarksTheSpot's ghost
  2348 | D:3      | Reached skill level 5 in Long Blades
  2359 | D:3      | Reached XP level 6. HP: 45/47 MP: 6/6
  2673 | D:3      | Reached *** piety under Trog
  3405 | D:4      | Found Lunnifeu's Food Boutique.
  3499 | D:4      | Reached XP level 7. HP: 51/53 MP: 7/7
  5109 | D:5      | Entered Level 5 of the Dungeon
  5126 | D:5      | Found a snail-covered altar of Cheibriados.
  5163 | D:5      | Reached skill level 6 in Long Blades
  5163 | D:5      | Reached skill level 5 in Armour
  5163 | D:5      | Reached XP level 8. HP: 38/61 MP: 8/8
  5843 | D:5      | Found a shimmering altar of Xom.
  5843 | D:5      | Found a shimmering altar of Xom.
  5846 | D:5      | Found a shimmering altar of Xom.
  5883 | D:5      | Reached **** piety under Trog
  5903 | D:5      | Reached skill level 1 in Shields
  5981 | D:5      | Found a deep blue altar of Sif Muna.
  6202 | D:5      | Noticed Pikel
  6235 | D:5      | Killed Pikel
  6235 | D:5      | Reached skill level 5 in Fighting
  6235 | D:5      | Reached skill level 7 in Long Blades
  6235 | D:5      | Reached XP level 9. HP: 64/68 MP: 9/9
  6949 | D:6      | Noticed Grinder
  6979 | D:6      | Killed Grinder
  7202 | D:6      | Found a shattered altar of Ashenzari.
  7385 | D:6      | Found a sparkling altar of Nemelex Xobeh.
  8168 | D:7      | Reached skill level 5 in Dodging
  8513 | D:7      | Found a sacrificial altar of Ru.
  8811 | D:7      | Found a staircase to the Ecumenical Temple.
  8883 | Temple   | Entered the Ecumenical Temple
  9389 | D:8      | Found a radiant altar of Vehumet.
  9424 | D:8      | Found a stormy altar of Qazlal.
  9458 | D:8      | Reached skill level 8 in Long Blades
  9458 | D:8      | Reached XP level 10. HP: 75/77 MP: 10/10
  9581 | D:8      | Found a shadowy altar of Dithmenos.
  9634 | D:8      | Found a glowing golden altar of the Shining One.
  9730 | D:8      | Noticed Psyche
  9823 | D:8      | Noticed Erica
  9853 | D:8      | HP: 2/77 [killer bee (5)]
  9854 | D:8      | Slain by a killer bee

Skill      XL: |  1  2  3  4  5  6  7  8  9 |
---------------+----------------------------+-----
Long Blades    | 4 5 6 7 8 |  8.1
Armour         | 3 4 5 6 7 |  7.1
Fighting       | 4 5 6 |  6.6
Dodging        | 3 4 5 |  5.6
Shields        | 1 2 |  2.8
Throwing       | |  0.4
Evocations     | |  0.2

Action                   |  1- 3 |  4- 6 |  7- 9 | 10-12 || total
-------------------------+-------+-------+-------+-------++-------
Melee: Falchion          |    83 |   235 |   426 |       ||   744
       Scimitar          |       |       |   114 |    30 ||   144
Throw: Tomahawk          |       |     9 |    24 |       ||    33
Invok: Berserk           |     1 |     5 |     7 |     1 ||    14
       Trog's Hand       |       |     2 |     7 |     3 ||    12
       Burn Spellbooks   |       |       |     1 |       ||     1
       Brothers in Arms  |       |       |     1 |       ||     1
Evoke: Wand              |       |       |     2 |       ||     2
  Use: Potion            |       |     2 |     4 |     1 ||     7
       Scroll            |       |       |    16 |     3 ||    19
  Eat: Bread ration      |     1 |       |       |     1 ||     2
       Meat ration       |       |     2 |     3 |     1 ||     6
       Royal jelly       |       |     1 |       |       ||     1
       Chunk             |       |     1 |     9 |     1 ||    11
       Pizza             |       |       |     1 |       ||     1
       Beef jerky        |       |       |     1 |       ||     1
Armor: Leather armour    |    17 |       |       |       ||    17
       Chain mail        |    21 |    22 |       |       ||    43
       Plate armour      |       |   122 |   268 |    61 ||   451
       Skin              |       |    14 |    21 |       ||    35
Dodge: Dodged            |    58 |    68 |   130 |    23 ||   279
Block: Buckler           |       |       |    46 |       ||    46
       Large shield      |       |       |   121 |    69 ||   190
       Rpst.: Falchion   |    17 |    29 |    41 |       ||    87
       Scimitar          |       |       |     3 |     7 ||    10
